 Dungeon Crawl Stone Soup version 0.29.1-2-gbd0b4ee654 (webtiles) character file.

Game seed: 5160018420079068173

32 leafyfresh the Magician (level 3, -1/25 HPs)
             Began as a Djinni Ice Elementalist on Nov 21, 2022.
             Slain by Natasha (8 damage)
             ... on level 2 of the Dungeon.
             The game lasted 00:01:59 (1441 turns).

leafyfresh the Magician (Djinni Ice Elementalist)   Turns: 1441, Time: 00:02:00

Health: -1/25      AC:  2    Str:  6    XL:     3   Next: 42%
Gold:   40         EV: 12    Int: 22    God:
                   SH:  0    Dex: 12

rFire   + + .      SeeInvis .   e - +0 spear
rCold   x . .      Faith    .   (no shield)
rNeg    . . .      Spirit   .   a - +0 robe
rPois   ∞          Reflect  .   (no helmet)
rElec   .          Harm     .   (no cloak)
rCorr   .          Rampage  .   (no gloves)
Will    .....                   (boots unavailable)
Stlth   ++........              (no amulet)
HPRegen 0.08/turn               (no ring)
MPRegen 0.00/turn               (no ring)

@: freezing walls, flying
A: sickness immunity, fire resistance 2, cold vulnerability 1, float, innate
caster, HP casting, extra vitality 1, clever 1
a: no special abilities


You were on level 2 of the Dungeon.
You visited 1 branch of the dungeon, and saw 2 of its levels.

You collected 40 gold pieces.

Inventory:

Hand Weapons
 e - a +0 spear (weapon)
Armour
 a - a +0 robe (worn)
Jewellery
 c - a +4 ring of protection
 g - an amulet of faith
Scrolls
 d - a scroll of teleportation {unknown}
 h - a scroll of identify {unknown}
 j - a scroll of amnesia {unknown}
 k - a scroll of vulnerability {unknown}
 n - a scroll of fear {unknown}
 o - 3 scrolls of poison {unknown}
Potions
 b - a potion of curing {unknown}
 f - a potion of mutation
 i - 2 potions of heal wounds {unknown}
 l - a potion of cancellation {unknown}
 m - a potion of invisibility {unknown}


   Skills:
 + Level 3.2 Dodging
 - Level 1.5 Stealth
 + Level 3.6 Spellcasting


You couldn't memorise any spells.
You knew the following spells:

 Your Spells              Type           Power      Damage    Failure   Level
a - Freeze                Ice            80%        1d9       2%          1
b - Frozen Ramparts       Ice            40%        1d7       8%          3
c - Ozocubu's Armour      Ice            20%        N/A       8%          3
d - Hailstorm             Conj/Ice       20%        3d6       26%         4
e - Sandblast             Erth           40%        2d10      2%          1
Your spell library was empty.

Dungeon Overview and Level Annotations

Branches:
Dungeon (2/15)

Altars:

Shops:
D:1 =!

Annotations:
D:2 Natasha


Innate Abilities, Weirdness & Mutations

You are immune to sickness and miasma.
You are immune to poison.
Your flesh is very heat resistant. (rF++)
You are vulnerable to cold. (rC-)
You float through the air rather than walking.
You learn spells naturally, not from books.
Your magical power is your life essence.
You have superior vitality. (+4 MHP)
Your mind is acute. (Int +4, Str/Dex -1)


Message History

You start resting.
HP restored.
You start waiting.
Done waiting.
You start waiting.
Done waiting.
You start waiting.
Done waiting.
f - 2 fuming dark potions (gained 1);
o - 3 scrolls labelled BILYASHRY FI APN No target in view!
You now have 40 gold pieces (gained 3).
A kobold comes into view. It is wielding a +0 whip.
Natasha, Servant of Life and Death comes into view.
There are monsters nearby!
The kobold shouts!
There are monsters nearby!
Casting: Freeze (safe; 3% risk of failure)
Confirm with . or Enter, or press ? or * to list all spells.
Aiming: Freeze (safe; 3% risk of failure)
Press: ? - help, Shift-Dir - straight line, f - Natasha
Aim: Natasha You freeze Natasha.
Natasha is lightly wounded.
Natasha casts a spell at you. The magic dart hits you.
Casting: Freeze (safe; 3% risk of failure)
Confirm with . or Enter, or press ? or * to list all spells.
The spell is quite dangerous to miscast (10% risk of failure)!
Continue anyway?
Casting: Frozen Ramparts (quite dangerous; 10% risk of failure)
Press: ? - help, Dir - look around, f - activate The walls around you are covered in ice.
The wall freezes Natasha but does no damage.
Natasha casts a spell at you. The magic dart hits you!
* * * LOW HITPOINT WARNING * * *
It was a potion of mutation.
You feel extremely strange.
You feel clever.
The wall freezes Natasha but does no damage.
Natasha claws you!
You die...

.....# .....########
....##......# ######
...###......# .....#
....##......# .....#
.#..##......# .....#
....##......# ...?.#
.#..##......#####h....#
.#...#..........@.K...#
......................#
.##...................#
.##..#..............###
....................#
.###................#
.. #................#
...#................#
.................#


You could see Natasha and a kobold.

Vanquished Creatures
  An adder (D:2)
  A dart slug (D:2)
  A ball python (D:1)
  An endoplasm (D:2)
  2 goblins (D:1)
  3 hobgoblins
  4 jackals (D:1)
  2 quokkas
  A frilled lizard (D:2)
  2 rats
18 creatures vanquished.

Notes
Turn   | Place    | Note
-------+----------+-------------------------------------------
     0 | D:1      | leafyfresh the Djinni Ice Elementalist began the quest for
                  | the Orb.
     0 | D:1      | leafyfresh set off with the following spells memorised:
                  | Freeze, Frozen Ramparts, Ozocubu's Armour, Hailstorm.
     0 | D:1      | Reached XP level 1. HP: 15/15 MP: 0/0
    12 | D:1      | Found Tetoylon's Jewellery Shop.
    63 | D:1      | Found Usuwoeq's Distillery.
   123 | D:1      | Reached XP level 2. HP: 21/21 MP: 0/0
   666 | D:1      | You are sucked into a shaft and drop 1 floor!
   685 | D:2      | Reached XP level 3. HP: 20/25 MP: 0/0
   685 | D:2      | Learned a level 1 spell: Sandblast
  1437 | D:2      | Noticed Natasha
  1441 | D:2      | Gained mutation: Your mind is acute. (Int +4, Str/Dex -1)
                  | [potion of mutation]
  1441 | D:2      | Slain by Natasha

Illustrated notes

Levels and vault maps discovered:
D:1:      dpeg_arrival_houses_and_road, layout_basic, serial_shops,
          nicolae_shop_waterfront, nicolae_shop_waterfront,
          nicolae_diamond_shop, nicolae_shop_crystal, shop_statue, minivault_5
D:2:      layout_rooms, uniq_natasha

Skill      XL: |  1  2 |
---------------+-------+-----
Dodging        | 3 |  3.2
Stealth        | |  1.5
Spellcasting   | |  3.6

Action                   || total
-------------------------++-------
Melee: Spear             ||    67
       Punch             ||     1
 Cast: Freeze            ||    14
       Frozen Ramparts   ||     1
  Use: Potion            ||     1
Armor: Robe              ||     7
Dodge: Dodged            ||    33
